 Dungeon Crawl Stone Soup version 0.18-a0-917-g8a3da5b (webtiles) character file.

123 JokEr the Magician (level 4, 0/24 HPs)
             Began as a Deep Elf Wizard on Dec 26, 2015.
             Engulfed by a cloud of noxious fumes (3 damage)
             ... on level 2 of the Dungeon.
             The game lasted 00:10:14 (2243 turns).

JokEr the Magician (Deep Elf Wizard)                Turns: 2243, Time: 00:10:14

Health: 0/24       AC:  3    Str:  4    XL:     4   Next: 80%
Magic:  5/14       EV: 12    Int: 24    God:
Gold:   81         SH:  0    Dex: 13    Spells: 4 memorised, 6 levels left

rFire  . . .     SeeInvis .     (no weapon)
rCold  . . .     Gourm    .     a - +0 robe
rNeg   . . .     Faith    .     (no shield)
rPois  .         Spirit   .     b - +0 hat
rElec  .         Dismiss  .     e - +0 cloak (curse)
rCorr  .         Reflect  .     (no gloves)
SustAt .         Harm     .     (no boots)
MR     .....                    (no amulet)
Stlth  ++........               (no ring)
                                (no ring)

@: slowed, very slow, not resistant to hostile enchantments, unstealthy
A: no striking features
a: no special abilities


You were on level 2 of the Dungeon.
You were not hungry.

You visited 1 branch of the dungeon, and saw 2 of its levels.

You collected 81 gold pieces.

Inventory:

Armour
 a - a +0 robe (worn)
 b - a +0 hat (worn)
 e - a cursed +0 cloak (worn)
Jewellery
 j - a +4 ring of strength {unknown}
Scrolls
 h - a scroll of identify {unknown}
 i - a scroll of amnesia {unknown}
Potions
 f - a potion of heal wounds {unknown}
 g - a potion of brilliance {unknown}
Books
 c - a book of Minor Magic

   Spells                             Type                      Level
   a - Magic Dart                     Conjuration                  1
   b - Blink                          Translocation                2
   c - Call Imp                       Summoning                    2
   d - Repel Missiles                 Charms/Air                   2
   e - Slow                           Hexes                        2
   f - Conjure Flame                  Conjuration/Fire             3
   g - Mephitic Cloud                 Conjuration/Poison/Air       3
Comestibles
 d - 4 bread rations
 k - a chunk of flesh


   Skills:
 - Level 2.4 Dodging
 - Level 2.4 Stealth
 + Level 6.1 Spellcasting
 - Level 3.0 Conjurations
   Level 1.1 Summonings
 - Level 1.1 Translocations
 + Level 2.0 Poison Magic


You had 6 spell levels left.
You knew the following spells:

 Your Spells              Type           Power        Failure   Level  Hunger
a - Magic Dart            Conj           ###.         1%          1    None
b - Mephitic Cloud        Conj/Pois/Air  ###.....     14%         3    #......
c - Conjure Flame         Conj/Fire      ##......     14%         3    #......
d - Blink                 Tloc           N/A          10%         2    None


Dungeon Overview and Level Annotations

Branches:
Dungeon (2/15)

Altars:

Annotations:
D:2 Natasha


Message History

Natasha casts a spell.
The gnoll hits you with a whip.
* * * LOW HITPOINT WARNING * * *
You feel yourself speed up.
Natasha stares at you and mumbles some strange words.
You feel yourself slow down.
Drink which item? (? for menu, Esc to quit)
Okay, then.
Read which item? (? for menu, Esc to quit)
Okay, then.
Casting: Magic Dart
Confirm with . or Enter, or press ? or * to list all spells.
Aiming: Mephitic Cloud
Press: ? - help, Shift-Dir - straight line, f/p - gnoll
Aim: a gnoll, wielding a whip (lightly wounded) That beam is likely to hit you.
Continue anyway?
The ball explodes into a vile cloud!
The stinking cloud engulfs the gnoll.
The gnoll is lightly wounded.
The stinking cloud engulfs you!
You are engulfed in noxious fumes.
You die...

##### ##.....## #. #...##
####.......### #. ..#..#
#....>.......# #.
.###.#####.##.......#.# #.
..#>...............##.# #.
....#w###..##.#...###.#
########. .#.##.#
#..##h##.## #.# #........
.#.##.###.....§§§####.#
#.#######
.......###.##.§g@.....# #.#
.###....÷......§####..###.#
.###...###.........)...##.#
...w...# ##.###.####.#.##.#
..####.# #.# #.# #.#.##.#
#.# #.# #.# #.####.#<##.#
#.# #.# #.# #.##...#)##.#
#.# #.# #.# #.##.###.##.#
..# #.. #.# #..#.#
#.##.######


You could see Natasha and a gnoll.

Vanquished Creatures
  Natasha (D:2)
  3 gnolls (D:2)
  2 adders (D:2)
  A worm (D:1)
  2 giant geckos (D:1)
  A ball python (D:1)
  5 bats
  5 hobgoblins
  6 jackals
  3 kobolds
  A quokka (D:2)
  3 giant cockroaches
  3 giant newts (D:1)
  6 goblins
  5 rats
47 creatures vanquished.

Notes
Turn   | Place    | Note
--------------------------------------------------------------
     0 | D:1      | JokEr the Deep Elf Wizard began the quest for the Orb.
     0 | D:1      | Reached XP level 1. HP: 10/10 MP: 7/7
   207 | D:1      | Reached XP level 2. HP: 15/15 MP: 7/9
   544 | D:1      | Reached skill level 5 in Spellcasting
   795 | D:1      | Reached XP level 3. HP: 5/19 MP: 4/11
  1545 | D:2      | Learned a level 3 spell: Mephitic Cloud
  1549 | D:2      | Learned a level 3 spell: Conjure Flame
  1552 | D:2      | Learned a level 2 spell: Blink
  1685 | D:2      | Reached XP level 4. HP: 16/24 MP: 1/13
  1965 | D:2      | Reached skill level 1 in Poison Magic
  2203 | D:2      | Noticed Natasha
  2208 | D:2      | Killed Natasha
  2208 | D:2      | Reached skill level 6 in Spellcasting
  2223 | D:2      | Noticed Natasha
  2243 | D:2      | Engulfed by a cloud of noxious fumes

Vault maps used:
D:1:      minmay_arrival_open_corners, item_on_display_a
D:2:      kennysheep_big_empty_room, uniq_natasha

Action                   |  1- 3 |  4- 6 || total
-------------------------+-------+-------++-------
 Cast: Magic Dart        |   101 |    19 ||   120
       Conjure Flame     |     2 |       ||     2
       Mephitic Cloud    |       |     4 ||     4
  Use: Scroll            |     2 |       ||     2
  Eat: Chunk             |     2 |     2 ||     4
